 Dungeon Crawl Stone Soup version 0.26.1-2-gb8aa6d0 (webtiles) character file.

Game seed: 322165222274072116

39 Nithhogg the Chopper (level 3, 4/29 HPs)
             Began as a Human Monk on Mar 30, 2021.
             Quit the game on level 2 of the Dungeon.
             The game lasted 00:02:04 (1417 turns).

Nithhogg the Chopper (Human Monk)                   Turns: 1417, Time: 00:02:04

Health: 4/29       AC:  5    Str: 12 (14) XL:     3   Next: 67%
Magic:  3/3        EV: 11    Int:  7 (10) God:
Gold:   51         SH:  0    Dex: 12 (15) Spells: 2/2 levels left

rFire    . . .     SeeInvis .   a - +0 hand axe
rCold    . . .     Faith    .   (no shield)
rNeg     . . .     Spirit   .   h - +0 ring mail
rPois    .         Reflect  .   (no helmet)
rElec    .         Harm     .   (no cloak)
rCorr    .         Rampage  .   (no gloves)
Will     .....                  (no boots)
Stlth    +.........             (no amulet)
HPRegen  0.09/turn              (no ring)
MPRegen  0.08/turn              (no ring)

@: lethally poisoned (4 -> -8), attractive
A: deterioration 1, strong 1
a: no special abilities


You were on level 2 of the Dungeon.
You visited 1 branch of the dungeon, and saw 2 of its levels.

You collected 51 gold pieces.

Inventory:

Hand Weapons
 a - a +0 hand axe (weapon)
Armour
 b - a +0 robe
 h - a +0 ring mail (worn)
Scrolls
 e - a scroll of immolation


   Skills:
 + Level 3.3 Fighting
 * Level 3.6 Axes
 + Level 1.1 Armour
 + Level 3.2 Dodging
 - Level 2.0 Stealth


You had 2 spell levels left.
You didn't know any spells.
Your spell library was empty.

Dungeon Overview and Level Annotations

Branches:
Dungeon (2/15)

Altars:


Innate Abilities, Weirdness & Mutations

Your body sometimes deteriorates upon taking damage.
Your muscles are strong. (Str +2)


Message History

You feel sick. The adder bites you.
* * * LOW HITPOINT WARNING * * *
It was a potion of attraction.
You feel attractive to monsters.
* * * LOW HITPOINT WARNING * * *
You feel sick. The adder bites you.
* * * LOW HITPOINT WARNING * * *
It was a potion of mutation.
You feel extremely strange.
Your connection to magic feels subdued.
Your magic regains its normal vibrancy.
You feel yourself wasting away.
You feel stronger. The adder bites you but does no damage. The adder bites you.
* * * LOW HITPOINT WARNING * * *
You are more poisoned.
The adder poisons you!
It was a potion of degeneration.
There was something very wrong with that liquid.
You feel weakened.
You feel dopey.
You feel clumsy.
* * * LOW HITPOINT WARNING * * *
You feel sick. The adder misses you.
Are you sure you want to abandon this character and quit the game? (Confirm with "yes".)

##. .. #.
....##.#..
..#......##
##.........##
......!.....#
#..........####..
#......S...#.....
#.....(@.....#...
##................
..................
#.....<..........
..................
..................
............).....
..................
.#............#...


You could see an adder.

Vanquished Creatures
  A dart slug (D:1)
  2 leopard geckos (D:1)
  6 bats (D:1)
  5 giant cockroaches
  4 goblins (D:1)
  5 hobgoblins (D:1)
  2 frilled lizards (D:1)
  3 kobolds (D:1)
  2 rats (D:1)
30 creatures vanquished.

Vanquished Creatures (others)
  A fungus (D:1)
1 creature vanquished.

Grand Total: 31 creatures vanquished

Notes
Turn   | Place    | Note
-------+----------+-------------------------------------------
     0 | D:1      | Nithhogg the Human Monk began the quest for the Orb.
     0 | D:1      | Reached XP level 1. HP: 18/18 MP: 1/1
   246 | D:1      | Reached XP level 2. HP: 19/24 MP: 2/2
   748 | D:1      | Reached XP level 3. HP: 22/29 MP: 3/3
  1021 | D:1      | Reached skill level 1 in Armour
  1415 | D:2      | Gained mutation: Your spells are a little easier to cast,
                  | but a little less powerful. [potion of mutation]
  1415 | D:2      | Lost mutation: Your spells are a little easier to cast, but
                  | a little less powerful. [potion of mutation]
  1415 | D:2      | Gained mutation: Your body sometimes deteriorates upon
                  | taking damage. [potion of mutation]
  1415 | D:2      | Gained mutation: Your muscles are strong. (Str +2) [potion
                  | of mutation]
  1417 | D:2      | Quit the game

Illustrated notes

Levels and vault maps discovered:
D:1:      dpeg_arrival_prison, layout_rooms, minivault_25
D:2:      layout_rooms, grunt_gozag_statues

Skill      XL: |  1  2  3 |
---------------+----------+-----
Armour         | 1 |  1.1
Fighting       | |  3.3
Axes           | |  3.6
Dodging        | |  3.2
Stealth        | |  2.0

Action                   || total
-------------------------++-------
Melee: Hand axe          ||   122
  Use: Potion            ||     3
       Scroll            ||     1
 Stab: Sleeping          ||     2
Armor: Robe              ||    16
       Ring mail         ||     8
Dodge: Dodged            ||    85
